 Dungeon Crawl Stone Soup version 0.22-a0-825-ga28c36f (webtiles) character file.

192 Amnesiac the Digger (level 5, -3/35 HPs)
             Began as a Mummy Earth Elementalist on July 24, 2018.
             Slain by a gnoll
             ... wielding a +0 club
              (10 damage)
             ... on level 4 of the Dungeon.
             The game lasted 00:03:12 (2133 turns).

Amnesiac the Digger (Mummy Earth Elementalist)      Turns: 2133, Time: 00:03:13

Health: -3/35      AC:  5    Str: 12    XL:     5   Next: 42%
Magic:  11/11      EV: 12    Int: 15    God:
Gold:   62         SH:  0    Dex: 12    Spells: 2/12 levels left

rFire    x . .     SeeInvis .   a - +2 dagger (venom)
rCold    + . .     Gourm    .   (no shield)
rNeg     + + +     Faith    .   j - +2 robe {MR+}
rPois    ∞         Spirit   .   (no helmet)
rElec    .         Reflect  .   (no cloak)
rCorr    .         Harm     .   k - +0 pair of gloves
MR       +....                  (no boots)
Stlth    ++........             (no amulet)
HPRegen  0.11/turn              (no ring)
MPRegen  0.12/turn              (no ring)

@: no status effects
A: no food or potions, fire vulnerability, cold resistance 1, negative energy
resistance 3, torment resistance, unbreathing
a: no special abilities


You were on level 4 of the Dungeon.
You were not hungry.

You visited 1 branch of the dungeon, and saw 4 of its levels.

You collected 62 gold pieces.

Inventory:

Hand Weapons
 a - a +2 dagger of venom (weapon)
 b - a +0 hunting sling
Missiles
 c - 51 stones (quivered)
 m - 21 sling bullets
Armour
 j - a +2 robe of magic resistance (worn)
 k - a +0 pair of gloves (worn)
Scrolls
 e - a scroll of blinking {!r, unknown}
 f - a scroll of immolation {!r, unknown}
 g - a scroll of enchant weapon {!r, unknown}
 h - a scroll of teleportation {!r, unknown}
 i - 2 scrolls of identify {!r, unknown}
 l - a scroll of noise {!r, unknown}


   Skills:
 - Level 1.5 Dodging
 - Level 1.5 Stealth
 + Level 4.4 Spellcasting
 - Level 0.7 Transmutations
 * Level 4.4 Earth Magic


You had 2 spell levels left.
You knew the following spells:

 Your Spells              Type           Power        Failure   Level  Hunger
a - Sandblast             Erth           ###...       2%          1    N/A
b - Passwall              Tmut/Erth      ##......     9%          2    N/A
c - Stone Arrow           Conj/Erth      ##....       21%         3    N/A
e - Petrify               Tmut/Erth      ##......     52%         4    N/A

Your spell library contained the following spells:

 Spells                   Type           Power        Failure   Level  Hunger
 Lee's Rapid Deconstruct  Erth           ###.......   58%         5    N/A

Dungeon Overview and Level Annotations

Branches:
Dungeon (4/15)
 Temple: D:4-7

Altars:
Kikubaaqudgha

Shops:
D:4 (


Innate Abilities, Weirdness & Mutations

You do not eat or drink.
Your flesh is vulnerable to fire.
You are immune to poison.
Your flesh is cold resistant. (rC+)
You are immune to negative energy. (rN+++)
You are immune to unholy pain and torment.
You can survive without breathing.


Message History

The blast of sand hits the leopard gecko.
The leopard gecko is heavily wounded.
c - 51 stones The hound misses you.
You closely miss the hound. The hound barely misses you.
You hit the hound.
The hound is poisoned.
The hound is moderately wounded.
The hound bites you but does no damage. The hound bites you.
You closely miss the hound.
The hound is moderately wounded.
The hound misses you.
You closely miss the hound.
The hound is heavily wounded.
The hound bites you. The hound barely misses you.
You closely miss the hound.
The hound is heavily wounded.
The hound bites you but does no damage.
You barely miss the hound.
The hound is heavily wounded.
The hound barely misses you. The hound bites you but does no damage.
You closely miss the hound.
The hound is severely wounded.
The hound misses you.
You closely miss the hound.
The hound is severely wounded.
The hound misses you. The hound barely misses you.
You hit the hound.
The hound looks even sicker.
The hound is almost dead.
You kill the hound!
You barely miss the leopard gecko.
The leopard gecko is heavily wounded.
The leopard gecko barely misses you.
You closely miss the leopard gecko.
The leopard gecko is heavily wounded.
The leopard gecko bites you. The leopard gecko closely misses you.
You hit the leopard gecko.
The leopard gecko is poisoned.
The leopard gecko is almost dead.
The leopard gecko barely misses you.
You closely miss the leopard gecko.
The leopard gecko is almost dead.
The leopard gecko closely misses you.
You hit the leopard gecko.
You kill the leopard gecko!
You closely miss the gnoll. The gnoll hits you.
You barely miss the gnoll. The gnoll barely misses you.
You hit the gnoll.
The gnoll is poisoned.
The gnoll is lightly wounded.
The gnoll hits you.
A gnoll comes into view. It is wielding a club.
You hit the gnoll.
The gnoll looks as sick as possible!
The gnoll is heavily wounded.
The gnoll hits you.
You hit the gnoll.
You kill the gnoll!
A gnoll comes into view. It is wielding a flail.
You barely miss the gnoll. The gnoll hits you with a flail!
* * * LOW HITPOINT WARNING * * *
The gnoll throws a stone.
The stone hits you but does no damage.
Items here: ! ( †† a stone; 2 bubbling white potions {!q}; a gnoll corpse; a hound corpse Unknown command.
An orc comes into view. It is wielding a hand axe.
The gnoll hits you with a club!
You die...

.. ... ....
....### .......
......g## #. #..#
#. ##(#
#####.##@g# ###
.......#.#...o...
#..._..#####.
#..#.#.....
#..#.##.#..g
#..#.# ...## #
#..#.# #..# #
#..#.# ..# ###
########..#.# .#


You could see a gnoll and an orc (wandering).

Vanquished Creatures
  3 hounds (D:4)
  A worker ant (D:4)
  A gnoll (D:4)
  An adder (D:4)
  An ooze (D:1)
  A worm (D:3)
  3 leopard geckos
  2 orcs (D:3)
  A ball python (D:1)
  A bat (D:1)
  A giant cockroach (D:1)
  5 hobgoblins
  11 jackals
  8 kobolds
  2 frilled lizards (D:1)
  4 goblins (D:1)
  3 rats
49 creatures vanquished.

Notes
Turn   | Place    | Note
-------+----------+-------------------------------------------
     0 | D:1      | Amnesiac the Mummy Earth Elementalist began the quest for the Orb.
     0 | D:1      | Reached XP level 1. HP: 13/13 MP: 4/4
    20 | D:2      | Noticed a wight
    20 | D:2      | Noticed a wight
    21 | D:2      | Noticed a wight
    21 | D:2      | Noticed a wight
   329 | D:1      | Reached XP level 2. HP: 10/19 MP: 5/5
   356 | D:1      | Learned a level 2 spell: Passwall
  1010 | D:1      | Reached XP level 3. HP: 20/24 MP: 7/7
  1015 | D:1      | Learned a level 3 spell: Stone Arrow
  1743 | D:4      | Reached XP level 4. HP: 21/30 MP: 9/9
  1779 | D:4      | Learned a level 4 spell: Petrify
  1864 | D:4      | Found Mozaruf's Weapon Shop.
  1883 | D:4      | Reached XP level 5. HP: 15/35 MP: 11/11
  2105 | D:4      | Found an ancient bone altar of Kikubaaqudgha.
  2133 | D:4      | Slain by a gnoll

Vault maps used:
D:1:      dpeg_arrival_fog
D:3:      nemelex_xobeh_ov_fountains_minmay, lemuel_coloured_pillars_altar,
          lemuel_zombie_altar_yredelemnul
D:4:      lemuel_crystal_altar, serial_shops, shop_fountains

Skill      XL: |  1  2  3  4 |
---------------+-------------+-----
Spellcasting   | 3 4 |  4.4
Earth Magic    | 3 4 |  4.4
Dodging        | |  1.5
Stealth        | |  1.5
Transmutations | |  0.7

Action                   |  1- 3 |  4- 6 || total
-------------------------+-------+-------++-------
Melee: Dagger            |   149 |    48 ||   197
       Unarmed           |     3 |       ||     3
 Fire: Hunting sling     |     3 |     1 ||     4
 Cast: Sandblast         |    33 |     4 ||    37
 Stab: Sleeping          |     4 |       ||     4
Armor: Robe              |    21 |    17 ||    38
Dodge: Dodged            |   121 |    32 ||   153

Table legend:
 A = Spawn XP
 B = Non-spawn XP
 C = Spawn XP percentage of total XP
 D = Spawn monster count
 E = Non-spawn monster count
 F = Spawn count percentage of total count
 G = Total turns spent on level
                    A         B        C        D         E        F      G
               +---------+---------+-------+---------+---------+-------+---------
         Total |       0 |     275 |   0.0 |       0 |      49 |   0.0 |  2133
               +---------+---------+-------+---------+---------+-------+---------
           D:1 |       0 |      57 |   0.0 |       0 |      29 |   0.0 |  1378
           D:2 |       0 |       2 |   0.0 |       0 |       1 |   0.0 |    53
           D:3 |       0 |      19 |   0.0 |       0 |       7 |   0.0 |   307
           D:4 |       0 |     197 |   0.0 |       0 |      12 |   0.0 |   395
               +---------+---------+-------+---------+---------+-------+---------
